Map: Lightshade LE

Players

Azure - Winner!

  • Race: Terran Terran
  • Spawn Location: 5:00

pezzaperry (Pezz)

  • Race: Protoss Protoss
  • League: Grandmaster
  • Spawn Location: 11:00

Event: DreamHack SC2 Masters 2020 Winter

VOD

Have the link to the VOD?

Description

Time

  • Played on: Oct. 11, 2020, 12:18 a.m.
  • Length: 12:18

All games in this series

Show
View Real Time Build Order
Export as new Build Order

Azure Terran - Winner!

Build Orders: Liberator Opening, Reaper Expand 

Get SALT Encoding   

  12  0:00  SCV  
  13  0:12  SCV  
  14  0:17  Supply Depot  
  14  0:24  SCV  
  15  0:38  SCV  
  15  0:39  Barracks  
  16  0:44  Refinery  
  16  0:50  SCV  
  17  1:02  SCV  
  18  1:15  SCV  
  19  1:27  Reaper, Orbital Command  
  20  1:44  Command Center  
  20  1:53  SCV  
  21  1:55  Supply Depot  
  21  1:58  Marine  
  22  2:05  SCV  
  23  2:09  Factory  
  23  2:17  SCV, Refinery  
  23  2:21  Barracks Reactor  
  24  2:29  SCV  
  25  2:41  SCV  
  26  2:53  SCV, Starport  
  26  2:57  Orbital Command  
  27  3:00  Hellion  
  27  3:01  Hellion  
  31  3:05  SCV  
  31  3:07  Barracks Tech Lab  
  32  3:18  SCV  
  33  3:22  SCV, Hellion x2  
  33  3:26  Supply Depot  
  38  3:31  Medivac  
  38  3:33  SCV  
  41  3:34  SCV  
  42  3:45  SCV  
  42  3:46  SCV  
  44  3:50  Supply Depot  
  44  3:51  Marine x2  
  44  3:54  Bunker  
  46  3:57  SCV  
  46  3:58  SCV  
  46  4:01  Liberator  
  51  4:08  Marine x2  
  51  4:09  SCV  
  54  4:11  SCV, Cyclone  
  58  4:21  SCV  
  55  4:26  Marine x2  
  57  4:32  SCV  
  57  4:36  SCV  
  57  4:37  Barracks x2  
  59  4:41  Engineering Bay  
  59  4:44  SCV, Marine x2  
  62  5:04  Supply Depot  
  62  5:05  Supply Depot  
  62  5:08  Refinery  
  62  5:13  SCV  
  62  5:18  SCV, Cyclone, Marine x2  
  61  5:25  SCV  
  61  5:26  Marine  
  61  5:27  Marine  
  60  5:30  SCV  
  57  5:36  Marine x2  
  57  5:37  SCV  
  57  5:42  SCV  
  59  5:47  Barracks Tech Lab x2  
  59  5:49  SCV  
  57  5:53  Marine x2  
  57  5:54  SCV  
  59  6:01  SCV  
  59  6:03  Starport Reactor  
  60  6:05  Terran Infantry Weapons Level 1  
  60  6:06  SCV  
  60  6:09  Factory Reactor, Refinery  
  61  6:11  Stimpack  
  61  6:13  SCV  
  61  6:17  Missile Turret  
  61  6:18  Marine x2  
  63  6:21  Missile Turret  
  63  6:23  SCV  
  64  6:28  SCV  
  64  6:29  Marine x2  
  67  6:34  Combat Shield  
  67  6:35  SCV  
  67  6:36  Supply Depot  
  67  6:38  Reaper  
  69  6:40  SCV  
  69  6:41  Refinery  
  69  6:43  Medivac  
  72  6:47  Marine x2  
  72  6:48  SCV  
  72  6:51  Supply Depot, Marine  
  72  6:52  Supply Depot  
  72  6:53  Widow Mine  
  78  6:58  SCV, Widow Mine  
  81  7:02  Supply Depot  
  81  7:03  SCV  
  81  7:04  Supply Depot  
  81  7:06  Medivac  
  84  7:12  SCV  
  84  7:13  Medivac, Marine x2  
  89  7:16  Widow Mine  
  89  7:17  Marauder  
  89  7:20  Marauder  
  89  7:21  SCV  
  95  7:28  SCV, Widow Mine  
  99  7:37  Medivac, Widow Mine  
  99  7:42  Marine x2  
  104  7:44  Command Center  
  104  7:45  Marauder  
  104  7:46  Marauder  
  104  7:51  Widow Mine  
  110  7:52  Medivac  
  110  7:54  SCV  
  110  7:58  SCV  
  114  8:03  Widow Mine  
  116  8:06  Marine x2  
  118  8:14  Marine  
  118  8:16  Medivac  
  118  8:17  Marauder  
  118  8:19  Widow Mine  
  118  8:24  Widow Mine  
  118  8:25  Marine  
  118  8:32  Marine  
  118  8:33  Marauder  
  118  8:34  Medivac  
  117  8:38  Marauder  
  117  8:40  Widow Mine  
  105  8:42  Marine  
  105  8:44  SCV  
  105  8:47  Widow Mine  
  98  8:49  Medivac  
  98  8:50  Marine  
  98  8:53  SCV  
  98  8:55  Marauder, Barracks x2  
  104  8:59  Marine  
  104  9:00  Marine  
  104  9:01  Orbital Command, Widow Mine  
  108  9:07  Terran Infantry Armor Level 1  
  108  9:08  Supply Depot, Marine  
  108  9:09  Widow Mine  
  107  9:15  Marine  
  99  9:17  Marine  
  99  9:18  Marine  
  99  9:20  Orbital Command  
  99  9:23  Medivac x2, Widow Mine  
  107  9:30  Widow Mine  
  107  9:31  Marine  
  108  9:33  SCV, Marine  
  108  9:35  Marauder  
  108  9:38  Armory, Engineering Bay  
  112  9:39  SCV  
  112  9:44  Widow Mine  
  117  9:45  SCV x2  
  117  9:49  Marine x2  
  117  9:51  SCV, Missile Turret  
  117  9:52  Marauder, Widow Mine  
  124  9:57  SCV x2, Marauder  
  124  9:59  Supply Depot  
  128  10:01  Barracks Reactor  
  128  10:05  Medivac  
  128  10:07  Medivac, Marine  
  130  10:13  Supply Depot, Marauder, Marine  
  137  10:15  Marauder  
  137  10:16  Concussive Shells  
  137  10:18  Marauder  
  137  10:20  SCV  
  141  10:24  Missile Turret, Marine  
  141  10:27  SCV  
  143  10:29  Widow Mine  
  143  10:30  Widow Mine, Marine  
  152  10:36  Marine, Liberator  
  152  10:38  SCV  
  155  10:46  Marine x2  
  155  10:47  Marine x2  
  157  10:51  Widow Mine  
  157  10:53  Supply Depot x2, Command Center  
  157  11:01  Missile Turret  
  157  11:12  Supply Depot  
  157  11:14  Marauder x2, Marine x2, Widow Mine  
  157  11:15  Supply Depot, Marine  
  157  11:16  Supply Depot, Marauder, Marine  
  169  11:30  Medivac x2  
  173  11:33  Marine x3  
  173  11:34  Marine  
  173  11:36  Marauder  
  173  11:38  Marauder, Marine  
  182  11:44  SCV  
  182  11:46  Supply Depot  
  183  11:47  Ghost Academy  
  183  11:49  Supply Depot  
  183  11:50  Supply Depot  
  183  11:51  Marine  
Show
View Real Time Build Order
Export as new Build Order

pezzaperry Protoss 

Build Orders: 1 Gate Expand, Oracle Opening 

Get SALT Encoding   

  12  0:00  Probe  
  13  0:12  Probe  
  14  0:17  Pylon  
  14  0:24  Probe  
  15  0:35  Gateway  
  15  0:36  Probe (Chrono Boost)  
  16  0:46  Probe (Chrono Boost), Assimilator  
  17  0:51  Probe (Chrono Boost)  
  18  1:03  Probe  
  19  1:15  Probe  
  20  1:23  Nexus  
  20  1:34  Cybernetics Core  
  20  1:37  Probe  
  21  1:41  Assimilator  
  21  1:49  Probe  
  21  1:53  Pylon  
  22  2:01  Probe  
  23  2:09  Adept (Chrono Boost)  
  23  2:13  Probe  
  26  2:18  Stargate  
  26  2:25  Probe  
  27  2:31  Adept  
  27  2:35  Probe (Chrono Boost)  
  29  2:40  Warp Gate  
  29  2:43  Probe (Chrono Boost)  
  30  2:46  Probe (Chrono Boost)  
  30  2:51  Probe x2 (Chrono Boost)  
  33  3:00  Oracle (Chrono Boost)  
  33  3:01  Probe  
  33  3:02  Probe  
  38  3:12  Pylon  
  38  3:14  Probe x2  
  38  3:19  Adept  
  42  3:26  Probe  
  44  3:30  Oracle (Chrono Boost), Gateway  
  47  3:38  Gateway  
  46  3:43  Probe x2  
  46  3:46  Pylon  
  48  3:55  Probe  
  49  3:57  Oracle (Chrono Boost)  
  49  4:01  Probe  
  49  4:02  Assimilator  
  53  4:14  Probe  
  49  4:27  Phoenix  
  49  4:29  Stalker  
  51  4:35  Adept  
  53  4:42  Probe  
  53  4:44  Adept  
  56  4:50  Probe  
  57  4:54  Probe  
  57  4:55  Twilight Council  
  57  4:56  Gateway  
  58  5:00  Gateway  
  58  5:01  Pylon  
  58  5:02  Probe  
  58  5:06  Probe  
  60  5:14  Probe  
  60  5:18  Probe  
  57  5:26  Probe  
  55  5:30  Probe  
  55  5:32  Stalker  
  55  5:33  Stalker  
  58  5:38  Probe (Chrono Boost)  
  58  5:42  Probe (Chrono Boost)  
  60  5:43  Charge (Chrono Boost)  
  61  5:50  Probe (Chrono Boost)  
  61  5:54  Probe (Chrono Boost)  
  60  5:58  Probe (Chrono Boost)  
  60  5:59  Probe (Chrono Boost)  
  60  6:05  Probe, Phoenix  
  60  6:08  Probe  
  60  6:10  Nexus  
  64  6:17  Probe  
  64  6:18  Sentry, Zealot  
  67  6:24  Pylon  
  69  6:25  Pylon  
  69  6:27  Pylon  
  69  6:28  Pylon  
  69  6:42  Phoenix (Chrono Boost)  
  69  6:44  Sentry  
  69  6:45  Zealot x4  
  81  7:02  Probe x2  
  81  7:05  Phoenix (Chrono Boost)  
  85  7:12  Zealot x5  
  85  7:14  Probe  
  85  7:15  Probe  
  97  7:19  Pylon  
  97  7:25  Probe, Phoenix (Chrono Boost)  
  100  7:35  Probe x2  
  102  7:38  Pylon  
  102  7:47  Phoenix (Chrono Boost)  
  102  7:49  Zealot x5  
  114  7:54  Gateway  
  114  7:56  Pylon  
  114  8:01  Forge  
  112  8:10  Zealot x3  
  118  8:19  Zealot x2  
  118  8:31  Protoss Ground Armor Level 1 (Chrono Boost)  
  116  8:41  Zealot x5  
  120  8:44  Probe x3  
  120  8:47  Phoenix  
  125  8:52  Robotics Facility  
  125  8:56  Probe  
  125  9:00  Zealot  
  102  9:02  Zealot  
  102  9:03  Zealot x4  
  91  9:17  Probe x3  
  91  9:22  Pylon, Zealot  
  91  9:23  Zealot x3  
  98  9:26  Templar Archives, Sentry  
  98  9:27  Zealot  
  102  9:32  Probe  
  102  9:36  Assimilator x2  
  103  9:42  Gateway  
  103  9:44  Observer (Chrono Boost)  
  103  9:50  Blink (Chrono Boost)  
  103  9:51  Sentry x2  
  107  9:58  Gateway  
  107  10:05  Immortal (Chrono Boost)  
  107  10:09  Robotics Bay  
  107  10:10  Zealot x3  
  107  10:11  Zealot  
  107  10:13  Probe x3, Pylon  
  122  10:15  Photon Cannon  
  122  10:16  Assimilator  
  120  10:30  Probe x2  
  120  10:31  Probe  
  121  10:36  Immortal (Chrono Boost)  
  121  10:41  Nexus  
  119  10:54  Probe x2  
  121  11:06  Observer (Chrono Boost)  
  121  11:09  Pylon, High Templar x2  
  121  11:10  High Templar x2  
  121  11:11  Zealot x3  
  132  11:13  Pylon  
  132  11:15  Archon  
  132  11:16  Archon, Colossus (Chrono Boost)  
  140  11:26  Shield Battery  
  140  11:38  Probe x3, Photon Cannon  
  143  11:40  Shield Battery  
  143  11:49  Zealot x6  
  141  12:04  Zealot  
Tags
 
Add a new tag
Caveats
  • Supply blocks, unpowered buildings, or Contaminate may cause inaccurate times.
  • Supply counts are checked every 10 seconds.